Laval Rocket vs Santa Cruz Tiger Sharks

Created - Thursday, January 29, 2026 at 09:41

Goals
1 2 3 T
Laval Rocket 2 1 1 4
Santa Cruz Tiger Sharks 0 2 0 2
Shots
1 2 3 T
Laval Rocket 10 18 4 32
Santa Cruz Tiger Sharks 8 12 15 35

1st period

1. Laval Rocket , Ben McCartney 2 (Mikael Pyyhtia 6) at 15:31
2. Laval Rocket , Evgeni Dadonov 9 (Fyodor Svechkov 5, Mikko Kokkonen 2) at 19:49

Penalties :
Glenn Gawdin (SCS) for Fighting (Major) at 7:20, Mikko Kokkonen (LAV) for Fighting (Major) at 7:20, Colin Miller (LAV) for Roughing (Minor) at 10:56

2nd period

3. Laval Rocket , Ethen Frank 3 (Evgeni Dadonov 9, Fyodor Svechkov 6) at 7:02 (PP)
4. Santa Cruz Tiger Sharks , Riley Tufte 9 (Adam Edstrom 10, Glenn Gawdin 6) at 7:39
5. Santa Cruz Tiger Sharks , Jakub Vrana 6 (Blake Lizotte 18) at 10:49

Penalties :
Blake Lizotte (SCS) for Tripping (Minor) at 6:31, Lian Bichsel (LAV) for Hooking (Minor) at 8:06, Adam Edstrom (SCS) for Hooking (Minor) at 19:50

3rd period

6. Laval Rocket , Evgeni Dadonov 10 (Hugh McGing 3) at 10:22

Penalties :
No Penalty

Goalie Stats

Jet Greaves (LAV), 33 saves from 35 shots - (0.943), W, 7-2-1, 60:00 minutes
Talyn Boyko (SCS), 28 saves from 32 shots - (0.875), L, 2-1-0, 60:00 minutes

Players Stats for Laval Rocket

Player Name              G  A  P  +/- PIM S  H  SB GA TA FO     MP     PP MP  PK MP  
------------------------------------------------------------------------------------
                         0  0  0   0  0   0  0  0  0  0  0/0     0:00   0:00   0:00 
Ben McCartney            1  0  1   0  0   3  1  0  0  0  1/1    14:45   0:00   0:00 
Colin Miller             0  0  0   1  2   2  5  1  1  1  0/0    19:20   0:59   0:47 
David Spacek             0  0  0   2  0   1  1  2  0  0  0/0    15:56   0:00   0:52 
Ethen Frank              1  0  1   0  0   7  1  1  0  1  0/0    15:27   1:27   0:00 
Evgeni Dadonov           2  1  3   1  0   4  2  1  0  0  1/4    21:48   1:27   2:15 
Fyodor Svechkov          0  2  2   0  0   1  2  0  0  0  9/23   18:00   1:27   2:15 
Hugh McGing              0  1  1   0  0   1  2  1  0  0  0/0    14:45   0:00   0:00 
Ilya Lyubushkin          0  0  0  -2  0   4  1  0  0  1  0/0    25:05   1:31   2:06 
Lian Bichsel             0  0  0  -1  2   0  5  0  0  0  0/0    23:22   1:31   0:54 
Martin Chromiak          0  0  0   1  0   2  0  1  0  0  0/0     7:50   0:00   0:00 
Mikael Pyyhtia           0  1  1   0  0   2  1  0  1  0  2/2    18:14   1:03   1:36 
Mikko Kokkonen           0  1  1   1  5   0  1  2  0  0  0/0    16:35   0:00   1:36 
Nick Abruzzese           0  0  0   0  0   1  2  2  0  1  0/7    15:49   0:00   0:01 
Oliver Kapanen           0  0  0   0  0   1  0  0  0  0  0/1     5:19   0:00   0:00 
Olle Lycksell            0  0  0   0  0   1  1  1  0  0  0/1    16:38   1:03   0:00 
Stephen Halliday         0  0  0   0  0   0  3  1  0  1  9/17   18:11   1:03   1:33 
Tobias Bjornfot          0  0  0   1  0   1  2  1  0  0  0/0    19:23   0:59   1:42 
Vasili Ponomarev         0  0  0   1  0   1  1  0  1  0  1/2     9:33   0:00   0:16 

Players Stats for Santa Cruz Tiger Sharks

Player Name              G  A  P  +/- PIM S  H  SB GA TA FO     MP     PP MP  PK MP  
------------------------------------------------------------------------------------
                         0  0  0   0  0   0  0  0  0  0  0/0     0:00   0:00   0:00 
Adam Edstrom             0  1  1   1  2   4  2  0  2  0  0/0    17:56   1:39   0:00 
Blake Lizotte            0  1  1  -1  2   0  1  0  1  0  17/22  21:57   2:00   0:52 
Brett Murray             0  0  0  -1  0   1  3  1  0  0  0/0    15:00   0:00   1:23 
Daniel Sprong            0  0  0   1  0   0  0  0  0  0  0/1     6:24   0:00   0:00 
David Jiricek            0  0  0  -1  0   0  1  1  0  0  0/0    14:19   0:00   0:00 
Glenn Gawdin             0  1  1   1  5   2  0  0  0  0  9/18   16:11   1:11   0:00 
Ian Mitchell             0  0  0   1  0   4  0  1  1  2  0/0    20:13   1:40   1:07 
Jakub Vrana              1  0  1   1  0   2  0  0  0  0  3/3     8:28   0:00   0:15 
Jon Merrill              0  0  0  -1  0   3  2  3  0  0  0/0    25:28   2:18   1:23 
Keaton Middleton         0  0  0  -1  0   1  1  2  0  0  0/0    14:19   0:00   0:00 
Mitchell Stephens        0  0  0  -1  0   0  0  0  0  0  3/8    13:55   0:00   0:00 
Nicolas Aube-Kubel       0  0  0   0  0   0  1  0  0  1  0/0     6:09   0:32   0:00 
Nikolai Kovalenko        0  0  0  -1  0   5  1  0  0  0  0/0    16:02   0:34   0:13 
Philippe Myers           0  0  0  -1  0   2  2  2  0  0  0/0    25:28   2:18   1:23 
Riley Tufte              1  0  1   1  0   3  1  0  0  0  1/3    19:15   1:58   1:23 
Ryan Shea                0  0  0   1  0   1  2  2  0  0  0/0    20:13   1:40   1:07 
Tomas Tatar              0  0  0  -2  0   6  1  1  0  0  2/2    17:32   2:00   0:00 
Vinni Lettieri           0  0  0  -2  0   1  0  1  1  0  0/1    18:38   2:00   0:54 

3 Stars

1 - Evgeni Dadonov (LAV)
2 - Jet Greaves (LAV)
3 - Fyodor Svechkov (LAV)

Power Play

Laval Rocket - 1 on 2 Attempt(s) - 50.00%
Santa Cruz Tiger Sharks - 0 on 2 Attempt(s) - 0.00%

Penalty Kill

Laval Rocket - 2 on 2 Attempt(s) - 100.00% - Score 0 goal in Penalty Kill
Santa Cruz Tiger Sharks - 1 on 2 Attempt(s) - 50.00% - Score 0 goal in Penalty Kill

Team Stat

Laval Rocket - Hits : 31 - Faceoff Wins : 23 - Blocked Shots : 14 - Penalty Minutes : 9
Santa Cruz Tiger Sharks - Hits : 18 - Faceoff Wins : 35 - Blocked Shots : 14 - Penalty Minutes : 9

Official

Referees : Dan O'Rourke and Eric Furlatt
Linesman : Steve Barton and Derek Nansen

Game Notes

Glenn Gawdin and Mikko Kokkonen fight to a draw at 7:20 of 1st period

Laval Rocket

5 vs 5 Forward 
   Center                   Left Wing                Right Wing               Time % Phy DF OF 
 1 Fyodor Svechkov          Evgeni Dadonov           Ethen Frank              30     1   2  2  
 2 Stephen Halliday         Mikael Pyyhtia           Olle Lycksell            30     1   2  2  
 3 Nick Abruzzese           Hugh McGing              Ben McCartney            25     1   2  2  
 4 Vasili Ponomarev         Evgeni Dadonov           Martin Chromiak          15     1   2  2  

5 vs 5 Defense 
   Defense                  Defense                                           Time % Phy DF OF 
 1 Ilya Lyubushkin          Lian Bichsel                                      30     1   2  2  
 2 Colin Miller             Tobias Bjornfot                                   30     1   2  2  
 3 David Spacek             Mikko Kokkonen                                    25     1   2  2  
 4 Ilya Lyubushkin          Lian Bichsel                                      15     1   2  2  

PowerPlay Forward 
   Center                   Left Wing                Right Wing               Time % Phy DF OF 
 1 Fyodor Svechkov          Evgeni Dadonov           Ethen Frank              50     1   2  2  
 2 Stephen Halliday         Mikael Pyyhtia           Olle Lycksell            50     1   2  2  

PowerPlay Defense
   Defense                  Defense                                           Time % Phy DF OF 
 1 Ilya Lyubushkin          Lian Bichsel                                      50     1   2  2  
 2 Colin Miller             Tobias Bjornfot                                   50     1   2  2  

Penalty Kill 4 Players Forward 
   Center                   Wing                     Time % Phy DF OF 
 1 Evgeni Dadonov           Fyodor Svechkov          50     1   2  2  
 2 Mikael Pyyhtia           Stephen Halliday         50     1   2  2  

Penalty Kill 4 Players Defense
   Defense                  Defense                  Time % Phy DF OF 
 1 Ilya Lyubushkin          Lian Bichsel             50     1   2  2  
 2 Colin Miller             Tobias Bjornfot          50     1   2  2  

Penalty Kill - 3 Players Forward 
   Forward                                           Time % Phy DF OF 
 1 Evgeni Dadonov                                    50     1   2  2  
 2 Fyodor Svechkov                                   50     1   2  2  

Penalty Kill - 3 Players Defense
   Defense                  Defense                  Time % Phy DF OF 
 1 Ilya Lyubushkin          Lian Bichsel             50     1   2  2  
 2 Colin Miller             Tobias Bjornfot          50     1   2  2  

4 vs 4 Forward 
   Center                   Wing                     Time % Phy DF OF 
 1 Evgeni Dadonov           Fyodor Svechkov          50     1   2  2  
 2 Mikael Pyyhtia           Stephen Halliday         50     1   2  2  

4 vs 4 Defense
   Defense                  Defense                  Time % Phy DF OF 
 1 Ilya Lyubushkin          Lian Bichsel             50     1   2  2  
 2 Colin Miller             Tobias Bjornfot          50     1   2  2  

Last Minutes Offensive
   Center                   Left Wing                Right Wing               Defense                  Defense                  
   Fyodor Svechkov          Evgeni Dadonov           Ethen Frank              Ilya Lyubushkin          Lian Bichsel             

Last Minutes Defensive
   Center                   Left Wing                Right Wing               Defense                  Defense                  
   Fyodor Svechkov          Evgeni Dadonov           Ethen Frank              Ilya Lyubushkin          Lian Bichsel             

Goaltenders
Starting : Jet Greaves              
Backup : Alexei Kolosov           

Extra Forwards
Normal : Oliver Kapanen, Nick Abruzzese, Vasili Ponomarev - PP : Oliver Kapanen, Nick Abruzzese - PK : Vasili Ponomarev
Extra Defensemen
Normal : David Spacek, Mikko Kokkonen, Colin Miller - PP : David Spacek - PK : Mikko Kokkonen, Colin Miller
Penalty Shots
Evgeni Dadonov, Fyodor Svechkov, Mikael Pyyhtia, Stephen Halliday, Ethen Frank

Scratches
Wilmer Skoog (Healthy), Mikulas Hovorka (Healthy), Jonathan Aspirot (Healthy), Gleb Veremyev (Healthy), Trey Taylor (Healthy)
Roman Schmidt (Healthy), Simon Lundmark (Healthy), Calle Clang (Healthy), Callum Tung (Healthy)

Santa Cruz Tiger Sharks

5 vs 5 Forward 
   Center                   Left Wing                Right Wing               Time % Phy DF OF 
 1 Blake Lizotte            Vinni Lettieri           Tomas Tatar              30     1   2  2  
 2 Glenn Gawdin             Riley Tufte              Adam Edstrom             30     1   2  2  
 3 Mitchell Stephens        Brett Murray             Nikolai Kovalenko        25     1   2  2  
 4 Blake Lizotte            Jakub Vrana              Daniel Sprong            15     1   2  2  

5 vs 5 Defense 
   Defense                  Defense                                           Time % Phy DF OF 
 1 Jon Merrill              Philippe Myers                                    30     1   2  2  
 2 Ryan Shea                Ian Mitchell                                      30     1   2  2  
 3 Keaton Middleton         David Jiricek                                     25     1   2  2  
 4 Jon Merrill              Philippe Myers                                    15     1   2  2  

PowerPlay Forward 
   Center                   Left Wing                Right Wing               Time % Phy DF OF 
 1 Blake Lizotte            Vinni Lettieri           Tomas Tatar              50     1   2  2  
 2 Glenn Gawdin             Riley Tufte              Adam Edstrom             50     1   2  2  

PowerPlay Defense
   Defense                  Defense                                           Time % Phy DF OF 
 1 Jon Merrill              Philippe Myers                                    50     1   2  2  
 2 Ryan Shea                Ian Mitchell                                      50     1   2  2  

Penalty Kill 4 Players Forward 
   Center                   Wing                     Time % Phy DF OF 
 1 Blake Lizotte            Vinni Lettieri           50     1   2  2  
 2 Riley Tufte              Brett Murray             50     1   2  2  

Penalty Kill 4 Players Defense
   Defense                  Defense                  Time % Phy DF OF 
 1 Jon Merrill              Philippe Myers           50     1   2  2  
 2 Ryan Shea                Ian Mitchell             50     1   2  2  

Penalty Kill - 3 Players Forward 
   Forward                                           Time % Phy DF OF 
 1 Blake Lizotte                                     50     1   2  2  
 2 Vinni Lettieri                                    50     1   2  2  

Penalty Kill - 3 Players Defense
   Defense                  Defense                  Time % Phy DF OF 
 1 Jon Merrill              Philippe Myers           50     1   2  2  
 2 Ryan Shea                Ian Mitchell             50     1   2  2  

4 vs 4 Forward 
   Center                   Wing                     Time % Phy DF OF 
 1 Blake Lizotte            Vinni Lettieri           50     1   2  2  
 2 Riley Tufte              Brett Murray             50     1   2  2  

4 vs 4 Defense
   Defense                  Defense                  Time % Phy DF OF 
 1 Jon Merrill              Philippe Myers           50     1   2  2  
 2 Ryan Shea                Ian Mitchell             50     1   2  2  

Last Minutes Offensive
   Center                   Left Wing                Right Wing               Defense                  Defense                  
   Blake Lizotte            Vinni Lettieri           Tomas Tatar              Jon Merrill              Philippe Myers           

Last Minutes Defensive
   Center                   Left Wing                Right Wing               Defense                  Defense                  
   Blake Lizotte            Vinni Lettieri           Tomas Tatar              Jon Merrill              Philippe Myers           

Goaltenders
Starting : Talyn Boyko              
Backup : Unknown Goalie           

Extra Forwards
Normal : Nicolas Aube-Kubel, Nikolai Kovalenko, Jakub Vrana - PP : Nicolas Aube-Kubel, Nikolai Kovalenko - PK : Jakub Vrana
Extra Defensemen
Normal : Keaton Middleton, David Jiricek, Ryan Shea - PP : Keaton Middleton - PK : David Jiricek, Ryan Shea
Penalty Shots
Blake Lizotte, Vinni Lettieri, Riley Tufte, Brett Murray, Tomas Tatar

Scratches
Jack Studnicka (Healthy), Jaret Anderson-Dolan (Healthy), Oliver Kylington (Healthy), Ethan Samson (Healthy), Kole Lind (Healthy)
Alex Nedeljkovic (Healthy), Ryan Fanti (Healthy)

% Time on Ice - Laval Rocket

Lines # - Real PCT - Wanted PCT - Time Play
Normal Forward
1 - 27% - 30% - 14:39
2 - 30% - 30% - 16:18
3 - 28% - 25% - 14:45
4 - 15% - 15% - 7:50
Normal Defense
1 - 28% - 30% - 15:00
2 - 33% - 30% - 17:24
3 - 27% - 25% - 14:40
4 - 12% - 15% - 6:28
PP Forward
1 - 58% - 50% - 1:27
2 - 42% - 50% - 1:03
PP Defense
1 - 61% - 50% - 1:31
2 - 39% - 50% - 0:59
PK Forward
1 - 57% - 50% - 2:16
2 - 43% - 50% - 1:42
PK Defense
1 - 53% - 50% - 2:06
2 - 47% - 50% - 1:52
PK3 Forward
1 - 0% - 50%
2 - 0% - 50%
PK3 Defense
1 - 0% - 50%
2 - 0% - 50%
44 Forward
1 - 0% - 50%
2 - 0% - 50%
44 Defense
1 - 0% - 50%
2 - 0% - 50%
Last Minute Offensive  - 0:00
Last Minute Defensive  - 0:00
Total
Forward - 60:00
Defense - 60:00

% Time on Ice - Santa Cruz Tiger Sharks

Lines # - Real PCT - Wanted PCT - Time Play
Normal Forward
1 - 30% - 30% - 15:55
2 - 34% - 30% - 18:02
3 - 25% - 25% - 13:11
4 - 12% - 15% - 6:24
Normal Defense
1 - 28% - 30% - 14:59
2 - 33% - 30% - 17:26
3 - 27% - 25% - 14:19
4 - 13% - 15% - 6:48
PP Forward
1 - 50% - 50% - 2:00
2 - 50% - 50% - 1:58
PP Defense
1 - 58% - 50% - 2:18
2 - 42% - 50% - 1:40
PK Forward
1 - 45% - 50% - 1:07
2 - 55% - 50% - 1:23
PK Defense
1 - 55% - 50% - 1:23
2 - 45% - 50% - 1:07
PK3 Forward
1 - 0% - 50%
2 - 0% - 50%
PK3 Defense
1 - 0% - 50%
2 - 0% - 50%
44 Forward
1 - 0% - 50%
2 - 0% - 50%
44 Defense
1 - 0% - 50%
2 - 0% - 50%
Last Minute Offensive  - 0:00
Last Minute Defensive  - 0:00
Total
Forward - 60:00
Defense - 60:00

Play-by-Play

1st period


0:01 of 1st period - Blake Lizotte wins face-off versus Fyodor Svechkov in neutral zone.
0:28 of 1st period - Jon Merrill is hit by Ilya Lyubushkin and loses puck.
0:35 of 1st period - Slapshot by Philippe Myers.
0:35 of 1st period - Stopped by Jet Greaves without a rebound.
0:36 of 1st period - Mitchell Stephens wins face-off versus Nick Abruzzese in Laval Rocket zone.
1:44 of 1st period - Blake Lizotte is hit by Mikko Kokkonen and loses puck.
2:03 of 1st period - Evgeni Dadonov is hit by Nikolai Kovalenko and loses puck.
2:24 of 1st period - Snap shot by Adam Edstrom.
2:24 of 1st period - Shot Misses the Net.
3:37 of 1st period - Keaton Middleton is hit by Nick Abruzzese and loses puck.
5:06 of 1st period - Slapshot by Ilya Lyubushkin.
5:06 of 1st period - Stopped by Talyn Boyko with a rebound.
5:08 of 1st period - Slapshot by Ilya Lyubushkin.
5:08 of 1st period - Deflect By Martin Chromiak.
5:08 of 1st period - Stopped by Talyn Boyko with a rebound.
5:10 of 1st period - Slapshot by Ilya Lyubushkin.
5:10 of 1st period - Shot Blocked by Jon Merrill.
5:12 of 1st period - Wrist shot by Vasili Ponomarev.
5:12 of 1st period - Shot Misses the Net.
5:14 of 1st period - Slapshot by Lian Bichsel.
5:14 of 1st period - Shot Misses the Net.
5:38 of 1st period - Wrist shot by Oliver Kapanen.
5:38 of 1st period - Stopped by Talyn Boyko with a rebound.
5:44 of 1st period - Backhand shot by Vasili Ponomarev.
5:44 of 1st period - Shot Blocked by Jon Merrill.
5:46 of 1st period - Snap shot by Martin Chromiak.
5:46 of 1st period - Shot Misses the Net.
5:48 of 1st period - Slapshot by Ilya Lyubushkin.
5:48 of 1st period - Shot Misses the Net.
5:50 of 1st period - Wrist shot by Vasili Ponomarev.
5:50 of 1st period - Stopped by Talyn Boyko without a rebound.
5:51 of 1st period - Glenn Gawdin wins face-off versus Fyodor Svechkov in Santa Cruz Tiger Sharks zone.
5:58 of 1st period - Snap shot by Riley Tufte.
5:58 of 1st period - Shot Misses the Net.
6:00 of 1st period - Wrist shot by Riley Tufte.
6:00 of 1st period - Shot Hit the Post.
6:02 of 1st period - Slapshot by Ian Mitchell.
6:02 of 1st period - Shot Misses the Net.
6:04 of 1st period - Snap shot by Ryan Shea.
6:04 of 1st period - Shot Blocked by Tobias Bjornfot.
6:06 of 1st period - Slapshot by Glenn Gawdin.
6:06 of 1st period - Shot Misses the Net.
6:38 of 1st period - Icing by Mitchell Stephens.
6:39 of 1st period - Stephen Halliday wins face-off versus Mitchell Stephens in Santa Cruz Tiger Sharks zone.
6:46 of 1st period - Olle Lycksell is hit by Keaton Middleton and loses puck.
6:59 of 1st period - Snap shot by Ben McCartney.
6:59 of 1st period - Deflect By Hugh McGing.
6:59 of 1st period - Shot Misses the Net.
6:59 of 1st period - Puck is out of play.
7:00 of 1st period - Glenn Gawdin wins face-off versus Nick Abruzzese in Santa Cruz Tiger Sharks zone.
7:09 of 1st period - Wrist shot by Glenn Gawdin.
7:09 of 1st period - Shot Blocked by Nick Abruzzese.
7:20 of 1st period - Glenn Gawdin and Mikko Kokkonen fight to a draw.
7:20 of 1st period - Penalty to Glenn Gawdin for Fighting.
7:20 of 1st period - Penalty to Mikko Kokkonen for Fighting.
7:21 of 1st period - Stephen Halliday wins face-off versus Mitchell Stephens in Santa Cruz Tiger Sharks zone.
7:22 of 1st period - Wrist shot by Mikael Pyyhtia.
7:22 of 1st period - Stopped by Talyn Boyko without a rebound.
7:23 of 1st period - Stephen Halliday wins face-off versus Mitchell Stephens in Santa Cruz Tiger Sharks zone.
8:11 of 1st period - Jon Merrill is hit by Colin Miller and loses puck.
8:20 of 1st period - Wrist shot by Nick Abruzzese.
8:20 of 1st period - Shot Misses the Net.
8:38 of 1st period - Snap shot by Nikolai Kovalenko.
8:38 of 1st period - Stopped by Jet Greaves without a rebound.
8:39 of 1st period - Fyodor Svechkov wins face-off versus Daniel Sprong in Laval Rocket zone.
8:52 of 1st period - Wrist shot by Ethen Frank.
8:52 of 1st period - Shot Misses the Net.
9:06 of 1st period - Stephen Halliday is hit by Riley Tufte.
9:23 of 1st period - Off-side.
9:24 of 1st period - Mitchell Stephens wins face-off versus Nick Abruzzese in neutral zone.
9:43 of 1st period - Jon Merrill is hit by Ben McCartney and loses puck.
10:09 of 1st period - Slapshot by Brett Murray.
10:09 of 1st period - Shot Blocked by Nick Abruzzese.
10:15 of 1st period - Snap shot by Ben McCartney.
10:15 of 1st period - Shot Misses the Net.
10:17 of 1st period - Snap shot by Ben McCartney.
10:17 of 1st period - Shot Blocked by Brett Murray.
10:19 of 1st period - Slapshot by Ilya Lyubushkin.
10:19 of 1st period - Deflect By Jon Merrill.
10:19 of 1st period - Stopped by Talyn Boyko without a rebound.
10:20 of 1st period - Fyodor Svechkov wins face-off versus Blake Lizotte in Santa Cruz Tiger Sharks zone.
10:21 of 1st period - Snap shot by Evgeni Dadonov.
10:21 of 1st period - Stopped by Talyn Boyko without a rebound.
10:22 of 1st period - Blake Lizotte wins face-off versus Fyodor Svechkov in Santa Cruz Tiger Sharks zone.
10:22 of 1st period - Blake Lizotte is hit by Ethen Frank.
10:54 of 1st period - Slapshot by Adam Edstrom.
10:54 of 1st period - Shot Misses the Net.
10:56 of 1st period - Minor Penalty to Colin Miller for Roughing.
10:57 of 1st period - Blake Lizotte wins face-off versus Evgeni Dadonov in Laval Rocket zone.
11:04 of 1st period - Snap shot by Blake Lizotte.
11:04 of 1st period - Shot Misses the Net.
11:06 of 1st period - Snap shot by Jon Merrill.
11:06 of 1st period - Stopped by Jet Greaves with a rebound.
11:08 of 1st period - Wrist shot by Tomas Tatar.
11:08 of 1st period - Stopped by Jet Greaves with a rebound.
12:20 of 1st period - Penalty to Mikko Kokkonen is over, Mikko Kokkonen is back on ice.
12:56 of 1st period - Penalty to Colin Miller is over, Colin Miller is back on ice.
13:14 of 1st period - Wrist shot by Ben McCartney.
13:14 of 1st period - Shot Misses the Net.
14:07 of 1st period - Ilya Lyubushkin is hit by Nicolas Aube-Kubel and loses puck.
14:18 of 1st period - Mitchell Stephens is hit by Lian Bichsel and loses puck.
15:02 of 1st period - Brett Murray is hit by Colin Miller and loses puck.
15:08 of 1st period - Icing by Brett Murray.
15:09 of 1st period - Vasili Ponomarev wins face-off versus Mitchell Stephens in Santa Cruz Tiger Sharks zone.
15:31 of 1st period - Snap shot by Ben McCartney.
15:31 of 1st period - Goal by Ben McCartney - Laval Rocket : 1 - Santa Cruz Tiger Sharks : 0.
15:32 of 1st period - Blake Lizotte wins face-off versus Stephen Halliday in neutral zone.
15:45 of 1st period - Wrist shot by Vinni Lettieri.
15:45 of 1st period - Shot Misses the Net.
16:47 of 1st period - Blake Lizotte is hit by Hugh McGing and loses puck.
17:02 of 1st period - Wrist shot by Adam Edstrom.
17:02 of 1st period - Deflect By Riley Tufte.
17:02 of 1st period - Deflect By Mikael Pyyhtia.
17:02 of 1st period - Stopped by Jet Greaves without a rebound.
17:03 of 1st period - Stephen Halliday wins face-off versus Glenn Gawdin in Laval Rocket zone.
17:15 of 1st period - Snap shot by Adam Edstrom.
17:15 of 1st period - Shot Blocked by Olle Lycksell.
17:17 of 1st period - Slapshot by Ryan Shea.
17:17 of 1st period - Shot Misses the Net.
17:19 of 1st period - Wrist shot by Adam Edstrom.
17:19 of 1st period - Stopped by Jet Greaves with a rebound.
17:32 of 1st period - Off-side.
17:33 of 1st period - Blake Lizotte wins face-off versus Fyodor Svechkov in neutral zone.
18:09 of 1st period - Snap shot by Nikolai Kovalenko.
18:09 of 1st period - Stopped by Jet Greaves without a rebound.
18:10 of 1st period - Glenn Gawdin wins face-off versus Fyodor Svechkov in Laval Rocket zone.
18:23 of 1st period - Slapshot by Adam Edstrom.
18:23 of 1st period - Shot Misses the Net.
18:48 of 1st period - Wrist shot by Vinni Lettieri.
18:48 of 1st period - Shot Hit the Post.
19:19 of 1st period - Wrist shot by Adam Edstrom.
19:19 of 1st period - Stopped by Jet Greaves with a rebound.
19:23 of 1st period - Wrist shot by Adam Edstrom.
19:23 of 1st period - Shot Misses the Net.
19:25 of 1st period - Wrist shot by Adam Edstrom.
19:25 of 1st period - Deflect By Riley Tufte.
19:25 of 1st period - Shot Misses the Net.
19:25 of 1st period - Puck is out of play.
19:26 of 1st period - Blake Lizotte wins face-off versus Fyodor Svechkov in Laval Rocket zone.
19:33 of 1st period - Snap shot by Ethen Frank.
19:33 of 1st period - Stopped by Talyn Boyko without a rebound.
19:34 of 1st period - Blake Lizotte wins face-off versus Fyodor Svechkov in Santa Cruz Tiger Sharks zone.
19:39 of 1st period - Wrist shot by Vinni Lettieri.
19:39 of 1st period - Shot Misses the Net.
19:49 of 1st period - Snap shot by Evgeni Dadonov.
19:49 of 1st period - Goal by Evgeni Dadonov - Laval Rocket : 2 - Santa Cruz Tiger Sharks : 0.
19:50 of 1st period - Blake Lizotte wins face-off versus Stephen Halliday in neutral zone.
19:58 of 1st period - Jon Merrill is hit by Lian Bichsel.
Goals for this period are 2 for Laval Rocket vs 0 for Santa Cruz Tiger Sharks.
Shots for this period are 10 for Laval Rocket vs 8 for Santa Cruz Tiger Sharks.

2nd period


0:01 of 2nd period - Stephen Halliday wins face-off versus Vinni Lettieri in neutral zone.
0:04 of 2nd period - Wrist shot by Mikael Pyyhtia.
0:04 of 2nd period - Deflect By Vinni Lettieri.
0:04 of 2nd period - Stopped by Talyn Boyko with a rebound.
0:25 of 2nd period - Adam Edstrom is hit by Evgeni Dadonov and loses puck.
0:56 of 2nd period - Snap shot by Brett Murray.
0:56 of 2nd period - Shot Blocked by David Spacek.
1:31 of 2nd period - Vasili Ponomarev is hit by Ryan Shea and loses puck.
1:46 of 2nd period - Snap shot by Tomas Tatar.
1:46 of 2nd period - Stopped by Jet Greaves with a rebound.
3:49 of 2nd period - Colin Miller is hit by Adam Edstrom and loses puck.
4:51 of 2nd period - Blake Lizotte is hit by Lian Bichsel.
5:17 of 2nd period - Slapshot by Mikael Pyyhtia.
5:17 of 2nd period - Shot Blocked by Keaton Middleton.
5:31 of 2nd period - Brett Murray is hit by Colin Miller and loses puck.
5:50 of 2nd period - Wrist shot by Brett Murray.
5:50 of 2nd period - Deflect By Mitchell Stephens.
5:50 of 2nd period - Deflect By Nick Abruzzese.
5:50 of 2nd period - Shot Misses the Net.
5:50 of 2nd period - Puck is out of play.
5:51 of 2nd period - Blake Lizotte wins face-off versus Vasili Ponomarev in Laval Rocket zone.
5:52 of 2nd period - Wrist shot by Tomas Tatar.
5:52 of 2nd period - Stopped by Jet Greaves with a rebound.
6:04 of 2nd period - Off-side.
6:05 of 2nd period - Glenn Gawdin wins face-off versus Fyodor Svechkov in neutral zone.
6:12 of 2nd period - Slapshot by Glenn Gawdin.
6:12 of 2nd period - Shot Blocked by Evgeni Dadonov.
6:17 of 2nd period - Off-side.
6:18 of 2nd period - Fyodor Svechkov wins face-off versus Blake Lizotte in neutral zone.
6:21 of 2nd period - Snap shot by Ethen Frank.
6:21 of 2nd period - Shot Blocked by Ryan Shea.
6:23 of 2nd period - Slapshot by Ilya Lyubushkin.
6:23 of 2nd period - Shot Blocked by Ryan Shea.
6:25 of 2nd period - Wrist shot by Ethen Frank.
6:25 of 2nd period - Stopped by Talyn Boyko with a rebound.
6:27 of 2nd period - Slapshot by Ilya Lyubushkin.
6:27 of 2nd period - Deflect By Ian Mitchell.
6:27 of 2nd period - Stopped by Talyn Boyko without a rebound.
6:28 of 2nd period - Tomas Tatar wins face-off versus Fyodor Svechkov in Santa Cruz Tiger Sharks zone.
6:28 of 2nd period - Tomas Tatar is hit by Fyodor Svechkov.
6:31 of 2nd period - Minor Penalty to Blake Lizotte for Tripping.
6:32 of 2nd period - Jakub Vrana wins face-off versus Fyodor Svechkov in Santa Cruz Tiger Sharks zone.
6:40 of 2nd period - Wrist shot by Ethen Frank.
6:40 of 2nd period - Stopped by Talyn Boyko without a rebound.
6:41 of 2nd period - Fyodor Svechkov wins face-off versus Riley Tufte in Santa Cruz Tiger Sharks zone.
7:02 of 2nd period - Snap shot by Ethen Frank.
7:02 of 2nd period - Goal by Ethen Frank - Laval Rocket : 3 - Santa Cruz Tiger Sharks : 0.
7:03 of 2nd period - Blake Lizotte wins face-off versus Stephen Halliday in neutral zone.
7:10 of 2nd period - Mikael Pyyhtia is hit by Tomas Tatar and loses puck.
7:29 of 2nd period - Adam Edstrom is hit by Evgeni Dadonov.
7:39 of 2nd period - Wrist shot by Riley Tufte.
7:39 of 2nd period - Goal by Riley Tufte - Laval Rocket : 3 - Santa Cruz Tiger Sharks : 1.
7:40 of 2nd period - Stephen Halliday wins face-off versus Blake Lizotte in neutral zone.
7:49 of 2nd period - Slapshot by Jakub Vrana.
7:49 of 2nd period - Shot Blocked by Stephen Halliday.
8:06 of 2nd period - Minor Penalty to Lian Bichsel for Hooking.
8:07 of 2nd period - Blake Lizotte wins face-off versus Evgeni Dadonov in Laval Rocket zone.
8:22 of 2nd period - Snap shot by Tomas Tatar.
8:22 of 2nd period - Shot Blocked by Mikko Kokkonen.
8:32 of 2nd period - Wrist shot by Glenn Gawdin.
8:32 of 2nd period - Deflect By Riley Tufte.
8:32 of 2nd period - Shot Misses the Net.
8:32 of 2nd period - Puck is out of play.
8:33 of 2nd period - Mikael Pyyhtia wins face-off versus Glenn Gawdin in Laval Rocket zone.
8:44 of 2nd period - Snap shot by Adam Edstrom.
8:44 of 2nd period - Stopped by Jet Greaves without a rebound.
8:45 of 2nd period - Mikael Pyyhtia wins face-off versus Blake Lizotte in Laval Rocket zone.
9:36 of 2nd period - Wrist shot by Ilya Lyubushkin.
9:36 of 2nd period - Stopped by Talyn Boyko without a rebound.
9:37 of 2nd period - Evgeni Dadonov wins face-off versus Blake Lizotte in Santa Cruz Tiger Sharks zone.
9:52 of 2nd period - Ilya Lyubushkin is hit by Jon Merrill and loses puck.
10:06 of 2nd period - Penalty to Lian Bichsel is over, Lian Bichsel is back on ice.
10:27 of 2nd period - Stephen Halliday is hit by Brett Murray and loses puck.
10:44 of 2nd period - Nick Abruzzese is hit by Blake Lizotte and loses puck.
10:49 of 2nd period - Wrist shot by Jakub Vrana.
10:49 of 2nd period - Goal by Jakub Vrana - Laval Rocket : 3 - Santa Cruz Tiger Sharks : 2.
10:50 of 2nd period - Blake Lizotte wins face-off versus Stephen Halliday in neutral zone.
11:15 of 2nd period - Wrist shot by Ben McCartney.
11:15 of 2nd period - Stopped by Talyn Boyko with a rebound.
11:17 of 2nd period - Slapshot by Hugh McGing.
11:17 of 2nd period - Stopped by Talyn Boyko with a rebound.
11:31 of 2nd period - Snap shot by Vinni Lettieri.
11:31 of 2nd period - Shot Misses the Net.
11:47 of 2nd period - Wrist shot by Ethen Frank.
11:47 of 2nd period - Stopped by Talyn Boyko with a rebound.
11:49 of 2nd period - Slapshot by Ilya Lyubushkin.
11:49 of 2nd period - Shot Blocked by Tomas Tatar.
11:51 of 2nd period - Snap shot by Ethen Frank.
11:51 of 2nd period - Stopped by Talyn Boyko without a rebound.
11:52 of 2nd period - Riley Tufte wins face-off versus Olle Lycksell in Santa Cruz Tiger Sharks zone.
11:59 of 2nd period - Snap shot by Olle Lycksell.
11:59 of 2nd period - Stopped by Talyn Boyko without a rebound.
12:00 of 2nd period - Stephen Halliday wins face-off versus Glenn Gawdin in Santa Cruz Tiger Sharks zone.
12:01 of 2nd period - Slapshot by Olle Lycksell.
12:01 of 2nd period - Shot Blocked by Philippe Myers.
12:03 of 2nd period - Slapshot by Mikael Pyyhtia.
12:03 of 2nd period - Shot Misses the Net.
12:05 of 2nd period - Snap shot by Tobias Bjornfot.
12:05 of 2nd period - Stopped by Talyn Boyko with a rebound.
12:07 of 2nd period - Backhand shot by Colin Miller.
12:07 of 2nd period - Stopped by Talyn Boyko without a rebound.
12:08 of 2nd period - Glenn Gawdin wins face-off versus Fyodor Svechkov in Santa Cruz Tiger Sharks zone.
12:41 of 2nd period - Snap shot by Fyodor Svechkov.
12:41 of 2nd period - Deflect By Ian Mitchell.
12:41 of 2nd period - Stopped by Talyn Boyko without a rebound.
12:42 of 2nd period - Jakub Vrana wins face-off versus Stephen Halliday in Santa Cruz Tiger Sharks zone.
12:51 of 2nd period - Slapshot by Daniel Sprong.
12:51 of 2nd period - Shot Misses the Net.
13:12 of 2nd period - Snap shot by Jakub Vrana.
13:12 of 2nd period - Stopped by Jet Greaves without a rebound.
13:13 of 2nd period - Glenn Gawdin wins face-off versus Nick Abruzzese in Laval Rocket zone.
13:25 of 2nd period - Snap shot by Nick Abruzzese.
13:25 of 2nd period - Shot Misses the Net.
13:29 of 2nd period - Wrist shot by Ben McCartney.
13:29 of 2nd period - Shot Misses the Net.
13:31 of 2nd period - Slapshot by Tobias Bjornfot.
13:31 of 2nd period - Shot Misses the Net.
13:33 of 2nd period - Wrist shot by Nick Abruzzese.
13:33 of 2nd period - Shot Misses the Net.
13:35 of 2nd period - Slapshot by Colin Miller.
13:35 of 2nd period - Shot Blocked by Jon Merrill.
14:01 of 2nd period - Slapshot by Glenn Gawdin.
14:01 of 2nd period - Stopped by Jet Greaves with a rebound.
14:03 of 2nd period - Snap shot by Glenn Gawdin.
14:03 of 2nd period - Stopped by Jet Greaves with a rebound.
14:17 of 2nd period - Snap shot by Glenn Gawdin.
14:17 of 2nd period - Shot Misses the Net.
14:27 of 2nd period - Snap shot by Glenn Gawdin.
14:27 of 2nd period - Deflect By Riley Tufte.
14:27 of 2nd period - Shot Misses the Net.
14:27 of 2nd period - Puck is out of play.
14:28 of 2nd period - Blake Lizotte wins face-off versus Fyodor Svechkov in Laval Rocket zone.
14:29 of 2nd period - Wrist shot by Vinni Lettieri.
14:29 of 2nd period - Shot Misses the Net.
14:31 of 2nd period - Wrist shot by Blake Lizotte.
14:31 of 2nd period - Shot Misses the Net.
14:33 of 2nd period - Slapshot by Tomas Tatar.
14:33 of 2nd period - Stopped by Jet Greaves with a rebound.
14:35 of 2nd period - Wrist shot by Vinni Lettieri.
14:35 of 2nd period - Shot Misses the Net.
14:37 of 2nd period - Slapshot by Ryan Shea.
14:37 of 2nd period - Shot Blocked by Ethen Frank.
14:39 of 2nd period - Wrist shot by Tomas Tatar.
14:39 of 2nd period - Shot Misses the Net.
14:41 of 2nd period - Wrist shot by Tomas Tatar.
14:41 of 2nd period - Shot Misses the Net.
14:43 of 2nd period - Slapshot by Ian Mitchell.
14:43 of 2nd period - Stopped by Jet Greaves with a rebound.
15:17 of 2nd period - Snap shot by Evgeni Dadonov.
15:17 of 2nd period - Shot Misses the Net.
16:07 of 2nd period - Ethen Frank is hit by Brett Murray and loses puck.
16:58 of 2nd period - Wrist shot by Evgeni Dadonov.
16:58 of 2nd period - Shot Blocked by Vinni Lettieri.
17:10 of 2nd period - Olle Lycksell is hit by Adam Edstrom and loses puck.
17:45 of 2nd period - Nikolai Kovalenko is hit by Tobias Bjornfot and loses puck.
18:25 of 2nd period - Slapshot by Ethen Frank.
18:25 of 2nd period - Stopped by Talyn Boyko without a rebound.
18:26 of 2nd period - Mitchell Stephens wins face-off versus Fyodor Svechkov in Santa Cruz Tiger Sharks zone.
18:31 of 2nd period - Slapshot by Philippe Myers.
18:31 of 2nd period - Stopped by Jet Greaves with a rebound.
18:39 of 2nd period - Slapshot by Lian Bichsel.
18:39 of 2nd period - Shot Misses the Net.
18:41 of 2nd period - Wrist shot by Ethen Frank.
18:41 of 2nd period - Shot Misses the Net.
19:32 of 2nd period - Blake Lizotte is hit by Hugh McGing and loses puck.
19:37 of 2nd period - Slapshot by Nick Abruzzese.
19:37 of 2nd period - Shot Blocked by Ian Mitchell.
19:39 of 2nd period - Snap shot by Ben McCartney.
19:39 of 2nd period - Stopped by Talyn Boyko with a rebound.
19:41 of 2nd period - Wrist shot by Colin Miller.
19:41 of 2nd period - Stopped by Talyn Boyko with a rebound.
19:43 of 2nd period - Snap shot by Colin Miller.
19:43 of 2nd period - Shot Misses the Net.
19:45 of 2nd period - Snap shot by Nick Abruzzese.
19:45 of 2nd period - Stopped by Talyn Boyko without a rebound.
19:46 of 2nd period - Glenn Gawdin wins face-off versus Evgeni Dadonov in Santa Cruz Tiger Sharks zone.
19:50 of 2nd period - Minor Penalty to Adam Edstrom for Hooking.
19:51 of 2nd period - Stephen Halliday wins face-off versus Riley Tufte in Santa Cruz Tiger Sharks zone.
19:55 of 2nd period - Slapshot by Ryan Shea.
19:55 of 2nd period - Stopped by Jet Greaves with a rebound.
Goals for this period are 1 for Laval Rocket vs 2 for Santa Cruz Tiger Sharks.
Shots for this period are 18 for Laval Rocket vs 12 for Santa Cruz Tiger Sharks.

3rd period


0:01 of 3rd period - Blake Lizotte wins face-off versus Stephen Halliday in neutral zone.
0:26 of 3rd period - Ryan Shea is hit by Colin Miller.
1:44 of 3rd period - Icing by Ethen Frank.
1:45 of 3rd period - Jakub Vrana wins face-off versus Fyodor Svechkov in Laval Rocket zone.
1:48 of 3rd period - Snap shot by Nikolai Kovalenko.
1:48 of 3rd period - Shot Misses the Net.
1:50 of 3rd period - Penalty to Adam Edstrom is over, Adam Edstrom is back on ice.
2:25 of 3rd period - Slapshot by Blake Lizotte.
2:25 of 3rd period - Shot Blocked by David Spacek.
2:27 of 3rd period - Slapshot by Ian Mitchell.
2:27 of 3rd period - Deflect By Tomas Tatar.
2:27 of 3rd period - Stopped by Jet Greaves with a rebound.
2:37 of 3rd period - Slapshot by Riley Tufte.
2:37 of 3rd period - Shot Misses the Net.
2:39 of 3rd period - Snap shot by Ryan Shea.
2:39 of 3rd period - Shot Blocked by Mikko Kokkonen.
2:49 of 3rd period - Snap shot by Nikolai Kovalenko.
2:49 of 3rd period - Stopped by Jet Greaves without a rebound.
2:50 of 3rd period - Ben McCartney wins face-off versus Mitchell Stephens in Laval Rocket zone.
2:50 of 3rd period - Ben McCartney is hit by Philippe Myers.
3:16 of 3rd period - Vinni Lettieri is hit by Mikael Pyyhtia.
3:41 of 3rd period - Philippe Myers is hit by Tobias Bjornfot and loses puck.
4:32 of 3rd period - Snap shot by Olle Lycksell.
4:32 of 3rd period - Deflect By Mikael Pyyhtia.
4:32 of 3rd period - Shot Misses the Net.
4:32 of 3rd period - Puck is out of play.
4:33 of 3rd period - Stephen Halliday wins face-off versus Glenn Gawdin in Santa Cruz Tiger Sharks zone.
4:36 of 3rd period - Backhand shot by Mikael Pyyhtia.
4:36 of 3rd period - Shot Blocked by David Jiricek.
5:20 of 3rd period - Wrist shot by Evgeni Dadonov.
5:20 of 3rd period - Stopped by Talyn Boyko with a rebound.
5:27 of 3rd period - Snap shot by Mikko Kokkonen.
5:27 of 3rd period - Shot Blocked by Philippe Myers.
5:29 of 3rd period - Slapshot by David Spacek.
5:29 of 3rd period - Stopped by Talyn Boyko with a rebound.
5:31 of 3rd period - Snap shot by Fyodor Svechkov.
5:31 of 3rd period - Shot Misses the Net.
5:45 of 3rd period - Ilya Lyubushkin is hit by Philippe Myers.
6:21 of 3rd period - Vinni Lettieri is hit by Olle Lycksell and loses puck.
6:46 of 3rd period - Wrist shot by Adam Edstrom.
6:46 of 3rd period - Stopped by Jet Greaves with a rebound.
7:24 of 3rd period - Jon Merrill is hit by Colin Miller and loses puck.
8:11 of 3rd period - Slapshot by Martin Chromiak.
8:11 of 3rd period - Stopped by Talyn Boyko with a rebound.
8:40 of 3rd period - Wrist shot by Vinni Lettieri.
8:40 of 3rd period - Stopped by Jet Greaves with a rebound.
8:42 of 3rd period - Backhand shot by Keaton Middleton.
8:42 of 3rd period - Stopped by Jet Greaves with a rebound.
8:44 of 3rd period - Slapshot by David Jiricek.
8:44 of 3rd period - Deflect By Tomas Tatar.
8:44 of 3rd period - Stopped by Jet Greaves without a rebound.
8:45 of 3rd period - Fyodor Svechkov wins face-off versus Glenn Gawdin in Laval Rocket zone.
8:45 of 3rd period - Fyodor Svechkov is hit by Jon Merrill.
9:19 of 3rd period - Icing by Nikolai Kovalenko.
9:20 of 3rd period - Blake Lizotte wins face-off versus Nick Abruzzese in Santa Cruz Tiger Sharks zone.
9:27 of 3rd period - Snap shot by Blake Lizotte.
9:27 of 3rd period - Deflect By Daniel Sprong.
9:27 of 3rd period - Shot Blocked by Hugh McGing.
9:27 of 3rd period - Puck is out of play.
9:28 of 3rd period - Fyodor Svechkov wins face-off versus Glenn Gawdin in Laval Rocket zone.
9:55 of 3rd period - Tomas Tatar is hit by Lian Bichsel and loses puck.
10:22 of 3rd period - Snap shot by Evgeni Dadonov.
10:22 of 3rd period - Goal by Evgeni Dadonov - Laval Rocket : 4 - Santa Cruz Tiger Sharks : 2.
10:23 of 3rd period - Fyodor Svechkov wins face-off versus Glenn Gawdin in neutral zone.
10:32 of 3rd period - Slapshot by Jon Merrill.
10:32 of 3rd period - Stopped by Jet Greaves without a rebound.
10:33 of 3rd period - Fyodor Svechkov wins face-off versus Glenn Gawdin in Laval Rocket zone.
10:35 of 3rd period - Icing by Ethen Frank.
10:36 of 3rd period - Fyodor Svechkov wins face-off versus Glenn Gawdin in Laval Rocket zone.
11:21 of 3rd period - Ilya Lyubushkin is hit by Ryan Shea and loses puck.
12:10 of 3rd period - Snap shot by Mitchell Stephens.
12:10 of 3rd period - Shot Blocked by Colin Miller.
12:14 of 3rd period - Snap shot by Nikolai Kovalenko.
12:14 of 3rd period - Stopped by Jet Greaves with a rebound.
12:16 of 3rd period - Snap shot by Ian Mitchell.
12:16 of 3rd period - Stopped by Jet Greaves with a rebound.
12:18 of 3rd period - Slapshot by Ian Mitchell.
12:18 of 3rd period - Stopped by Jet Greaves with a rebound.
12:20 of 3rd period - Slapshot by Ian Mitchell.
12:20 of 3rd period - Shot Hit the Post.
12:22 of 3rd period - Slapshot by Ian Mitchell.
12:22 of 3rd period - Stopped by Jet Greaves with a rebound.
12:24 of 3rd period - Wrist shot by Nikolai Kovalenko.
12:24 of 3rd period - Shot Misses the Net.
12:26 of 3rd period - Snap shot by Mitchell Stephens.
12:26 of 3rd period - Deflect By Nikolai Kovalenko.
12:26 of 3rd period - Stopped by Jet Greaves with a rebound.
12:42 of 3rd period - Snap shot by Brett Murray.
12:42 of 3rd period - Stopped by Jet Greaves without a rebound.
12:43 of 3rd period - Glenn Gawdin wins face-off versus Nick Abruzzese in Laval Rocket zone.
12:46 of 3rd period - Snap shot by Riley Tufte.
12:46 of 3rd period - Stopped by Jet Greaves without a rebound.
12:47 of 3rd period - Glenn Gawdin wins face-off versus Nick Abruzzese in Laval Rocket zone.
13:26 of 3rd period - Riley Tufte is hit by Stephen Halliday and loses puck.
13:48 of 3rd period - Snap shot by Adam Edstrom.
13:48 of 3rd period - Shot Misses the Net.
13:56 of 3rd period - Glenn Gawdin is hit by Vasili Ponomarev and loses puck.
14:15 of 3rd period - Snap shot by Riley Tufte.
14:15 of 3rd period - Shot Blocked by Martin Chromiak.
14:17 of 3rd period - Slapshot by Jon Merrill.
14:17 of 3rd period - Stopped by Jet Greaves without a rebound.
14:18 of 3rd period - Blake Lizotte wins face-off versus Stephen Halliday in Laval Rocket zone.
14:27 of 3rd period - Tomas Tatar is hit by Stephen Halliday and loses puck.
14:44 of 3rd period - Ben McCartney is hit by David Jiricek and loses puck.
15:55 of 3rd period - Jakub Vrana is hit by Nick Abruzzese and loses puck.
16:36 of 3rd period - Blake Lizotte is hit by Lian Bichsel.
16:52 of 3rd period - Glenn Gawdin is hit by Stephen Halliday and loses puck.
17:31 of 3rd period - Riley Tufte is hit by David Spacek and loses puck.
17:44 of 3rd period - Jakub Vrana is hit by Fyodor Svechkov and loses puck.
18:14 of 3rd period - Vasili Ponomarev is hit by Brett Murray and loses puck.
18:24 of 3rd period - Icing by Stephen Halliday.
18:25 of 3rd period - Blake Lizotte wins face-off versus Stephen Halliday in Laval Rocket zone.
19:29 of 3rd period - Snap shot by Nick Abruzzese.
19:29 of 3rd period - Deflect By David Jiricek.
19:29 of 3rd period - Shot Blocked by Keaton Middleton.
19:29 of 3rd period - Puck is out of play.
19:30 of 3rd period - Tomas Tatar wins face-off versus Oliver Kapanen in Santa Cruz Tiger Sharks zone.
Goals for this period are 1 for Laval Rocket vs 0 for Santa Cruz Tiger Sharks.
Shots for this period are 4 for Laval Rocket vs 15 for Santa Cruz Tiger Sharks.